cohdb
Replays
Latest Replays
All Replays
Popular Replays
Top Player Replays
Match Explorer
How It Works
Community
CoH3 Stats
Reddit
Sign in to upload your games and track your stats! →
Sign in with Steam
Match 39679059
Unlisted
Match 39679059
Overview
Messages
Build Orders
End
250 Light Carrier
Selects Armored Support Battlegroup
Panzergrenadier Squad
Construct Light Support Kompanie
MG34 Team
Selects Superior Fire Drills
Construct Mechanized Kompanie
250 Light Carrier
Combat Half-tracks
Fire Support Elements
Pak 38 Mechanized Group
Vehicle Survival Package
Construct Panzerarmee Kommand
Advanced Field Repairs
Emergency Repair Kits
Panzer III L Medium Tank
Panzer III L Medium Tank
le.IG 18 Mechanized Group
Rapid Advance
Selects Flammpanzer III Medium Tank
Selects Command Panzer IV F Medium Tank
Panzer III L Medium Tank
Panzerpioneer Squad
Advanced Optics
Panzer III L Medium Tank
Panzer III L Medium Tank
Panzer III L Medium Tank
Selects Salvage Kits
Selects Panzer Storm
Panzer III L Medium Tank
Selects Stuka Dive Bomb
2.5-tonne Medical Truck
Command Panzer IV F Medium Tank
Stuka Dive Bomb
Panzer Storm
Panzer III L Medium Tank
Kylen
runningDuck
Steelcurrent
狂歌
Iris
Ghost
0
0
Comments
sign in to comment!
No comments posted yet!